 Dungeon Crawl Stone Soup version 0.27-a0-906-g0a00ce863d (webtiles) character file.

Game seed: 1970993548353204963

9 Alarkh the Insei (level 2, 22/22 HPs)
             Began as a Demonspawn Gladiator on Apr 6, 2021.
             Got out of the dungeon alive.
             The game lasted 00:00:15 (433 turns).

Alarkh the Insei (Demonspawn Gladiator)              Turns: 433, Time: 00:00:16

Health: 22/22      AC:  4    Str: 14    XL:     2   Next: 3%
Magic:  2/2        EV: 12    Int:  9    God:
Gold:   11         SH:  0    Dex: 14    Spells: 1/1 levels left

rFire    . . .     SeeInvis .     - Unarmed
rCold    . . .     Faith    .   (no shield)
rNeg     . . .     Spirit   .   a - +0 leather armour
rPois    .         Reflect  .   b - +0 helmet
rElec    .         Harm     .   (no cloak)
rCorr    .         Rampage  .   (no gloves)
Will     .....                  (no boots)
Stlth    +.........             (no amulet)
HPRegen  0.07/turn              (no ring)
MPRegen  0.08/turn              (no ring)

@: no status effects
A: powered by pain 1
a: no special abilities


You escaped.
You visited 1 branch of the dungeon, and saw 1 of its levels.

You collected 11 gold pieces.

Inventory:

Missiles
 c - 3 throwing nets (quivered)
Armour
 a - a +0 leather armour (worn)
 b - a +0 helmet (worn)


   Skills:
 + Level 2.2 Fighting
 - Level 1.7 Throwing
 - Level 2.6 Dodging
 * Level 3.1 Unarmed Combat


You had one spell level left.
You didn't know any spells.
Your spell library was empty.

Dungeon Overview and Level Annotations

Branches:
Dungeon (1/15)

Altars:


Innate Abilities, Weirdness & Mutations

You sometimes gain a little power by taking damage.


Message History

A rat is nearby!
No target in view!
No target in view!
No target in view!
A rat is nearby!
You closely miss the rat. The rat bites you but does no damage.
You hit the rat.
You kill the rat!
No target in view!
No target in view!
No target in view!
No target in view!
No target in view!
No target in view!
No target in view!
You see here a rat corpse.
A goblin comes into view. It is wielding a +0 club.
The goblin shouts!
A goblin is nearby!
A goblin is nearby!
The goblin closely misses you.
You closely miss the goblin. The goblin hits you but does no damage.
You closely miss the goblin. You barely miss the goblin.
The goblin closely misses you.
You hit the goblin.
The goblin is heavily wounded.
The goblin closely misses you.
You punch the goblin!
You kill the goblin!
You have reached level 2!
Your demonic ancestry asserts itself...
You feel energised by your suffering.
You see here a rat corpse.
You see here a hobgoblin corpse.
There is an open door here.
There is an open door here.
There is an open door here.
There is a staircase leading out of the dungeon here.
Are you sure you want to leave the Dungeon?
This will make you lose the game!
You have escaped!

##>## ##'##
######...######...##
...................#
.......⌠........⌠..#
...................#
#####...######...##
#####'##### #####
#.........#
#..♣..@..♣..#
##.........##
###########


There were no monsters in sight!

Vanquished Creatures
  A dart slug (D:1)
  A goblin (D:1)
  2 hobgoblins (D:1)
  A bat (D:1)
  2 rats (D:1)
7 creatures vanquished.

Notes
Turn   | Place    | Note
-------+----------+-------------------------------------------
     0 | D:1      | Alarkh the Demonspawn Gladiator began the quest for the
                  | Orb.
     0 | D:1      | Reached XP level 1. HP: 16/16 MP: 1/1
   251 | D:1      | Found a faded altar of an unknown god.
   310 | D:1      | Reached skill level 3 in Unarmed Combat
   330 | D:1      | Gained mutation: You sometimes gain a little power by
                  | taking damage. [demonic ancestry]
   330 | D:1      | Reached XP level 2. HP: 22/22 MP: 2/2
   433 | D:$      | Got out of the dungeon alive.

Illustrated notes

Levels and vault maps discovered:
D:1:      minmay_arrival_split_and_join, layout_basic, basic_ecumenical_altar

Skill      XL: |  1 |
---------------+----+-----
Unarmed Combat | 3 |  3.1
Fighting       | |  2.2
Throwing       | |  1.7
Dodging        | |  2.6

Action                   || total
-------------------------++-------
Melee: Unarmed           ||    37
Armor: Leather armour    ||    16
Dodge: Dodged            ||    16

Table legend: (Time is in decaauts)
 A = Elapsed time spent in this place.
 B = Non-inter-level travel time spent in this place.
 C = Inter-level travel time spent in this place.
 D = Time resting spent in this place.
 E = Time spent auto-exploring this place.
 F = Levels seen in this place.
 G = Mean time per level.
                   A        B        C        D        E       F      G
               +--------+--------+--------+--------+--------+-----+--------+
         Total |    430 |    328 |    102 |      0 |    272 |   1 |  430.0 |
       Dungeon |    430 |    328 |    102 |      0 |    272 |   1 |  430.0 |
               +--------+--------+--------+--------+--------+-----+--------+

Top non-repeatable levels by time:
     D:1: 430 daAuts
